 Dungeon Crawl Stone Soup version 0.28.0-43-g3370ac3207 (webtiles) character file.

Game seed: 3593579395757677497

298 jjjjhere the Chopper (level 6, -8/44 HPs)
             Began as a Demonspawn Gladiator on Mar 11, 2022.
             Was a Believer of Trog.
             Killed by divine providence
             ... invoked by an orc priest
              (10 damage)
             ... on level 4 of the Dungeon.
             The game lasted 00:05:03 (3817 turns).

jjjjhere the Chopper (Demonspawn Gladiator)         Turns: 3817, Time: 00:05:03

Health: -8/44      AC:  8    Str: 17    XL:     6   Next: 13%
Magic:  6/6        EV:  9    Int:  9    God:    Trog [**....]
Gold:   114        SH:  9    Dex: 14    Spells: 5/5 levels left

rFire   . . .      SeeInvis .   a - +1 war axe
rCold   . . .      Faith    .   f - +0 buckler
rNeg    . . .      Spirit   .   m - +0 scale mail
rPois   .          Reflect  +   (helmet restricted)
rElec   .          Harm     .   j - +0 cloak
rCorr   .          Rampage  .   (no gloves)
Will    ++...                   k - +0 pair of boots
Stlth   ..........              b - amulet of reflection
HPRegen 1.14/turn               (no ring)
MPRegen 0.10/turn               (no ring)

@: strong-willed, regenerating
A: antennae 2, powered by death 2
a: Renounce Religion, Berserk, Trog's Hand


You were on level 4 of the Dungeon.
You worshipped Trog.
Trog was pleased with you.
You visited 1 branch of the dungeon, and saw 4 of its levels.

You collected 114 gold pieces.

Inventory:

Hand Weapons
 a - a +1 war axe (weapon)
Missiles
 d - 4 throwing nets (quivered)
Armour
 c - a +0 helmet
 f - a +0 buckler (worn)
 j - a +0 cloak (worn)
 k - a +0 pair of boots (worn)
 m - a +0 scale mail (worn)
Jewellery
 b - an amulet of reflection (around neck)
 t - a ring of fire
 v - an amulet of guardian spirit
Wands
 l - a wand of iceblast (6)
Scrolls
 h - 2 scrolls of teleportation {unknown}
 i - a scroll of enchant weapon
 n - a scroll of enchant armour {unknown}
 o - a scroll of magic mapping {unknown}
 q - a scroll of vulnerability {unknown}
 s - a scroll of amnesia {unknown}
 u - a scroll of identify
Potions
 e - a potion of heal wounds
 g - a potion of attraction
 p - a potion of resistance
 r - a potion of curing


   Skills:
 - Level 2.1 Fighting
 * Level 6.0 Axes
 - Level 1.7 Throwing
 - Level 2.6 Dodging
 + Level 1.3 Shields


You had 5 spell levels left.
You didn't know any spells.
Your spell library was empty.

Dungeon Overview and Level Annotations

Branches:
Dungeon (4/15)
 Temple: D:4-7

Altars:
Trog

Annotations:
D:3 1 runed translucent door, Fangowolf's ghost, amateur OpTm
D:4 Blork the orc


Innate Abilities, Weirdness & Mutations

You have a pair of antennae on your head.
You regenerate health from kills.


Message History

You kill the orc!
Trog accepts your kill. The orc wizard casts a spell at you.
You resist with some effort.
An orc priest comes into view. It is wielding a +0 hand axe.
An orc wizard comes into view. It is wielding a +0 dagger.
The orc wizard shouts!
You hear a shout!
The orc priest mumbles some strange prayers to Beogh against you.
Beogh smites you! The orc hits you with a +0 war axe.
Things that are here:
a +0 trident; a +0 ring mail The orc throws a boomerang.
The boomerang barely misses you.
You hit the orc wizard but do no damage.
Blork the orc comes into view.
He is wielding a +0 hand axe.
The orc wizard hits you with a +0 dagger.
Your skin crawls.
You feel strong-willed.
The orc wizard hits you with a +0 dagger.
* * * LOW HITPOINT WARNING * * *
You block the orc's attack.
The orc wizard hits you but does no damage.
The orc wizard casts a spell.
The orc wizard flickers and vanishes!
Deactivating autopickup; reactivate with Ctrl-A.
You slash the orc wizard!
The orc wizard is heavily wounded.
You completely miss the orc. You closely miss something.
The orc wizard hits you with a +0 dagger.
* * * LOW HITPOINT WARNING * * *
Something hits you but does no damage.
The orc priest calls down the wrath of Beogh upon you.
Beogh smites you!
* * * LOW HITPOINT WARNING * * *
You block the orc's attack.
An endoplasm comes into view.
The orc wizard hits you but does no damage.
You block something's attack.
The orc priest mumbles some strange prayers to Beogh against you.
Beogh smites you!
You die...

.#####...#......#.(
#...##.........
.#####..###......#..
................## .
####=..#####......
..
######..########...#
..J#...........##
...#
.....o..{)......##
...#
#...oo@o........#
###
........o).......#
.................#
.................#
.................#
..#.............## .
##.....#.....##
#############


You could see Blork the orc, an orc priest, 2 orc wizards, an orc and an
endoplasm.

Vanquished Creatures
  A centaur skeleton (D:4)
  Ijyb (D:3)
  2 orc wizards
  An iguana (D:4)
  A hound skeleton (D:4)
  Robin (D:4)
  4 adders
  An ufetubus (D:4)
  3 worms (D:2)
  A dart slug (D:1)
  10 orcs
  3 endoplasms
  A giant cockroach (D:2)
  13 goblins
  13 hobgoblins
  5 jackals (D:1)
  4 quokkas
  6 ball pythons
  6 bats
  5 frilled lizards
  2 kobolds
  A rat (D:1)
85 creatures vanquished.

Vanquished Creatures (others)
  A withered plant (D:3)
1 creature vanquished.

Grand Total: 86 creatures vanquished

Notes
Turn   | Place    | Note
-------+----------+-------------------------------------------
     0 | D:1      | jjjjhere the Demonspawn Gladiator began the quest for the
                  | Orb.
     0 | D:1      | Reached XP level 1. HP: 16/16 MP: 1/1
   110 | D:1      | Reached skill level 3 in Axes
   230 | D:1      | Gained mutation: You have a pair of small antennae on your
                  | head. [demonic ancestry]
   230 | D:1      | Reached XP level 2. HP: 22/22 MP: 2/2
   876 | D:1      | Found a faded altar of an unknown god.
   890 | D:1      | Prayed at the altar of an unknown god.
   890 | D:1      | Became a worshipper of Trog the Wrathful
   890 | D:1      | Reached * piety under Trog
   971 | D:2      | Gained mutation: You regenerate a little health from kills.
                  | [demonic ancestry]
   971 | D:2      | Reached XP level 3. HP: 26/27 MP: 3/3
  1181 | D:2      | Reached skill level 4 in Axes
  2319 | D:2      | Reached XP level 4. HP: 19/33 MP: 4/4
  2544 | D:3      | Reached skill level 5 in Axes
  2754 | D:3      | Reached ** piety under Trog
  2953 | D:3      | Noticed Ijyb
  2962 | D:3      | Killed Ijyb
  2963 | D:3      | Gained mutation: You have a pair of antennae on your head.
                  | [demonic ancestry]
  2963 | D:3      | Reached XP level 5. HP: 38/38 MP: 5/5
  3518 | D:3      | Found a runed translucent door.
  3518 | D:3      | Noticed Fangowolf's ghost (amateur OpTm)
  3664 | D:4      | Reached skill level 1 in Shields
  3730 | D:4      | Noticed Robin
  3758 | D:4      | Killed Robin
  3772 | D:4      | Gained mutation: You regenerate health from kills. [demonic
                  | ancestry]
  3772 | D:4      | Reached XP level 6. HP: 44/44 MP: 6/6
  3789 | D:4      | Reached skill level 6 in Axes
  3814 | D:4      | Noticed Blork the orc
  3815 | D:4      | HP: 12/44 [orc wizard/+0 dagger (4)]
  3817 | D:4      | HP: 2/44 [orc priest/divine providence (11)]
  3817 | D:4      | Killed from afar by an orc priest

Illustrated notes

Levels and vault maps discovered:
D:1:      lightli_arrival_windingriver, layout_rooms,
          shapermc_ecumenical_altar_pompeii
D:2:      layout_basic, uniq_crazy_yiuf_cottage
D:3:      layout_basic, gammafunk_ghost_grave, kennysheep_generic_room_12,
          uniq_ijyb
D:4:      layout_rooms, kennysheep_generic_room_14, uniq_duvessa,
          uniq_blork_the_orc, uniq_robin, uniq_grinder

Skill      XL: |  1  2  3  4  5  6 |
---------------+-------------------+-----
Axes           | 3 4 5 6 |  6.0
Shields        | 1 |  1.3
Fighting       | |  2.1
Throwing       | |  1.7
Dodging        | |  2.6

Action                   |  1- 3 |  4- 6 || total
-------------------------+-------+-------++-------
Melee: War axe           |   111 |   123 ||   234
Invok: Trog's Hand       |       |     2 ||     2
  Use: Scroll            |       |     6 ||     6
Armor: Leather armour    |    16 |       ||    16
       Ring mail         |    10 |       ||    10
       Scale mail        |    14 |    47 ||    61
Dodge: Dodged            |    54 |    40 ||    94
Block: Buckler           |    22 |    73 ||    95
       Reflection        |       |     1 ||     1
